 Dungeon Crawl Stone Soup version 0.22.1-1-ga44c0e56f4 (webtiles) character file.

131 Peloso the Covered (level 4, 0/40 HPs)
             Began as a Minotaur Fighter on Sept 22, 2018.
             Slain by a gnoll
             ... wielding a +0 halberd
              (2 damage)
             ... on level 2 of the Dungeon.
             The game lasted 00:03:27 (1347 turns).

Peloso the Covered (Minotaur Fighter)               Turns: 1347, Time: 00:03:28

Health: 0/40       AC:  7    Str: 25    XL:     4   Next: 91%
Magic:  12/12      EV:  4    Int:  5    God:
Gold:   115        SH:  0    Dex: 11    Spells: 3/3 levels left

rFire    . . .     SeeInvis .   a - +0 long sword
rCold    . . .     Gourm    .   c - +0 shield
rNeg     . . .     Faith    .   b - +0 scale mail
rPois    .         Spirit   .   (helmet restricted)
rElec    .         Reflect  .   (no cloak)
rCorr    .         Harm     .   (no gloves)
MR       .....                  (no boots)
Stlth    ..........             (no amulet)
HPRegen  0.13/turn              e - ring of magical power
MPRegen  0.13/turn              (no ring)

@: mighty, held, invisible
A: retaliatory headbutt, horns 2
a: no special abilities


You were on level 2 of the Dungeon.
You were not hungry.

You visited 1 branch of the dungeon, and saw 3 of its levels.

You collected 115 gold pieces.

Inventory:

Hand Weapons
 a - a +0 long sword (weapon)
Armour
 b - a +0 scale mail (worn)
 c - a +0 shield (worn)
Jewellery
 e - a ring of magical power (left hand)
Scrolls
 h - 4 scrolls of identify {unknown}
 i - a scroll of teleportation {unknown}
 j - a scroll of amnesia {unknown}
Potions
 k - a potion of brilliance {unknown}
Comestibles
 f - 3 rations
 l - 5 chunks of flesh


   Skills:
 + Level 4.2 Fighting
 + Level 3.6 Long Blades
 + Level 4.8 Armour
 + Level 1.6 Dodging
 + Level 4.4 Shields


You had 3 spell levels left.
You didn't know any spells.
Your spell library was empty.

Dungeon Overview and Level Annotations

Branches:
Dungeon (3/15)

Altars:


Innate Abilities, Weirdness & Mutations

You reflexively headbutt those who attack you in melee.
You have a pair of horns on your head.


Message History

You see here a throwing net.
Unknown command.
You feel very mighty all of a sudden. The bat barely misses you.
You riposte.
You hit the bat.
You kill the bat!
The gnoll hits you.
* * * LOW HITPOINT WARNING * * *
A hobgoblin comes into view. It is wielding a club.
The gnoll hits you from afar with a halberd.
* * * LOW HITPOINT WARNING * * *
You tear a large gash into the net.
The hobgoblin shouts!
The gnoll hits you.
* * * LOW HITPOINT WARNING * * *
The gnoll hits you but does no damage.
Unknown command.
It was a potion of invisibility.
You fade into invisibility!
The gnoll hits you from afar with a halberd.
You die...

## ... #g# ######### #.#
#.. ....########## #
##.##.####............ ..
#.............######## . .
#.......##..#.######.# ..
.# #..g.@g.##............
..#.# ..#
#....g.........######.#
...##..##.........##.#...#
#.#
##..#[..###........##.....#
#..
#..........>..............#
#..
.#..........###.######..###
#.. ###.#.#.....
..######..# #.. .#..#.#..##
#...(<....# ...
...รท......# #.#####...#
##..


You could see 3 gnolls and a hobgoblin.

Vanquished Creatures
  3 gnolls (D:3)
  An adder (D:2)
  2 oozes (D:1)
  3 worms (D:2)
  3 dart slugs
  2 leopard geckos (D:3)
  4 giant cockroaches
  9 goblins
  6 hobgoblins
  2 jackals (D:2)
  2 ball pythons (D:1)
  12 bats
  4 frilled lizards
  8 kobolds
  6 rats
67 creatures vanquished.

Notes
Turn   | Place    | Note
-------+----------+-------------------------------------------
     0 | D:1      | Peloso the Minotaur Fighter began the quest for the Orb.
     0 | D:1      | Reached XP level 1. HP: 19/19 MP: 0/0
   105 | D:1      | Reached XP level 2. HP: 26/27 MP: 1/1
   468 | D:1      | Reached XP level 3. HP: 23/33 MP: 2/2
  1088 | D:2      | Reached XP level 4. HP: 40/40 MP: 3/3
  1130 | D:2      | Reached skill level 1 in Dodging
  1211 | D:2      | You fall through a shaft!
  1310 | D:3      | Noticed an ogre
  1346 | D:2      | HP: 2/40 [gnoll (3)]
  1347 | D:2      | Slain by a gnoll

Skill      XL: |  1  2  3  4 |
---------------+-------------+-----
Armour         | 4 |  4.8
Fighting       | 4 |  4.2
Shields        | 4 |  4.4
Long Blades    | 3 |  3.6
Dodging        | 1 |  1.6

Action                   |  1- 3 |  4- 6 || total
-------------------------+-------+-------++-------
Melee: Long sword        |    99 |    56 ||   155
       Headbutt          |    13 |     9 ||    22
  Use: Potion            |       |     2 ||     2
  Eat: Chunk             |     1 |     1 ||     2
Armor: Scale mail        |    72 |    18 ||    90
Dodge: Dodged            |    48 |    17 ||    65
Block: Shield            |    53 |    28 ||    81
       Rpst.: Long sword |     8 |     5 ||    13
